 Dungeon Crawl Stone Soup version 0.29.1-14-g9c671dbff4 (webtiles) character file.

Game seed: 6352259479384087266

25 Heoruswealwe the Conjurer (level 2, -1/15 HPs)
             Began as a Deep Elf Conjurer on Feb 17, 2023.
             Killed from afar by Sigmund (5 damage)
             ... with a puff of flame
             ... on level 2 of the Dungeon.
             The game lasted 00:09:11 (821 turns).

Heoruswealwe the Conjurer (Deep Elf Conjurer)        Turns: 821, Time: 00:09:11

Health: -1/15      AC:  3    Str:  4    XL:     2   Next: 86%
Magic:  0/9        EV: 12    Int: 22    God:
Gold:   58         SH:  0    Dex: 13    Spells: 6/9 levels left

rFire   . . .      SeeInvis .   o - +0 short sword
rCold   . . .      Faith    .   (no shield)
rNeg    . . .      Spirit   .   a - +0 robe
rPois   .          Reflect  .   j - +0 helmet
rElec   .          Harm     .   (no cloak)
rCorr   .          Rampage  .   (no gloves)
Will    .....                   (no boots)
Stlth   ++........              (no amulet)
HPRegen 0.05/turn               (no ring)
MPRegen 0.11/turn               (no ring)

@: no status effects
A: no striking features
a: no special abilities


You were on level 2 of the Dungeon.
You visited 1 branch of the dungeon, and saw 2 of its levels.

You collected 58 gold pieces.

Inventory:

Hand Weapons
 e - a +0 whip
 g - a +0 dagger
 h - a +0 mace
 i - a +0 dagger
 o - a +0 short sword (weapon)
 p - a +0 mace
 q - a +0 club
 r - a +0 short sword
 s - a +0 club
 t - a +0 club
Missiles
 n - 10 stones
Armour
 a - a +0 robe (worn)
 c - a +0 leather armour
 j - a +0 helmet (worn)
 u - a scarf of shadows
Potions
 b - a potion of magic
 d - a potion of cancellation


   Skills:
 - Level 2.4 Dodging
 - Level 2.4 Stealth
 + Level 4.0 Spellcasting
 + Level 4.9 Conjurations


You had 6 spell levels left.
You knew the following spells:

 Your Spells              Type           Power      Damage    Failure   Level
a - Magic Dart            Conj           100%       1d8       1%          1
b - Searing Ray           Conj           52%        2d6       2%          2

Your spell library contained the following spells:

 Spells                   Type           Power      Damage    Failure   Level
 Dazzling Flash           Conj/Hex       30%        N/A       12%         3
 Fulminant Prism          Conj/Hex       7%         3d7       38%         4
 Iskenderun's Mystic Bla  Conj/Tloc      15%        2d5       38%         4
 Animate Armour           Summ/Erth      8%         N/A       73%         4
 Blade Hands              Tmut           2%         N/A       97%         5
 Iron Shot                Conj/Erth      7%         9d2       99%         6


Dungeon Overview and Level Annotations

Branches:
Dungeon (2/15)

Altars:

Annotations:
D:2 Sigmund


Message History

Your resistance to elements expires.
There is a stone staircase leading down here.
You climb downwards.
Sigmund shouts!
Found 13 stones.
There is a stone staircase leading up here.
Casting: Magic Dart (safe; 1% risk of failure)
Confirm with . or Enter, or press ? or * to list all spells.
Aiming: Searing Ray (safe; 2% risk of failure)
Press: ? - help, Shift-Dir - straight line, f - Sigmund
Aim: Sigmund, wielding a +4 scythe and wearing a +0 robe (77% to hit)
The searing ray hits Sigmund.
Sigmund is moderately wounded. (Press . to maintain the ray.) Sigmund misses you.
The searing ray hits Sigmund!
Sigmund is heavily wounded.
The searing ray misses Sigmund.
Sigmund hits you with a +4 scythe.
The searing ray hits Sigmund.
Sigmund is severely wounded.
You finish channelling your searing ray.
Sigmund says, "You will soon forget everything."
Sigmund hits you with a +4 scythe.
* * * LOW HITPOINT WARNING * * *
Casting: Searing Ray (safe; 2% risk of failure)
Confirm with . or Enter, or press ? or * to list all spells.
Aiming: Searing Ray (safe; 2% risk of failure)
Press: ? - help, Shift-Dir - straight line, f/p - Sigmund
Aim: Sigmund, wielding a +4 scythe and wearing a +0 robe (severely wounded, 77% to hit)
The searing ray hits Sigmund.
Sigmund is severely wounded. (Press . to maintain the ray.)
The searing ray hits Sigmund.
Sigmund is almost dead.
Sigmund gestures at you while chanting. You resist with significant effort.
The searing ray misses Sigmund.
Sigmund casts a spell at you. The puff of flame hits you.
You die...

####
#...
#..(
#..#
#..#
#@.#
#.@#
#.##
#.
#.
#.
#.
#.
#.


You could see Sigmund.

Vanquished Creatures
  3 endoplasms (D:1)
  2 giant cockroaches (D:1)
  5 goblins (D:1)
  2 hobgoblins (D:1)
  2 quokkas (D:1)
  2 ball pythons (D:1)
  2 bats (D:1)
  A frilled lizard (D:1)
  A kobold (D:1)
  4 rats (D:1)
24 creatures vanquished.

Notes
Turn   | Place    | Note
-------+----------+-------------------------------------------
     0 | D:1      | Heoruswealwe the Deep Elf Conjurer began the quest for the
                  | Orb.
     0 | D:1      | Reached XP level 1. HP: 10/10 MP: 6/6
   145 | D:1      | Reached XP level 2. HP: 15/15 MP: 5/8
   314 | D:1      | Learned a level 2 spell: Searing Ray
   814 | D:2      | Noticed Sigmund
   821 | D:2      | Killed from afar by Sigmund

Illustrated notes

Levels and vault maps discovered:
D:1:      psy_arrival_dodecagon, layout_basic, solitary_fountain
D:2:      minmay_chambers_of_twos, layout_basic, serial_curves, eino_curves_01,
          eino_curves_03, hellmonk_ecumenical_altar_watching_god, uniq_sigmund,
          uniq_terence

Skill      XL: |  1  2 |
---------------+-------+-----
Spellcasting   | 4 |  4.0
Dodging        | |  2.4
Stealth        | |  2.4
Conjurations   | |  4.9

Action                   || total
-------------------------++-------
Melee: Short sword       ||     2
 Cast: Magic Dart        ||    36
       Searing Ray       ||     2
  Use: Potion            ||     3
       Scroll            ||     1
Armor: Robe              ||     1
Dodge: Dodged            ||     2
